[Event "Campeonato de Aragon Individual 2020 Fase Final"]
[Site "Zaragoza"]
[Date "2020.10.17"]
[Round "1.1"]
[White "Ramiro Ovejero, Juan Luis"]
[Black "Lana Rodriguez, David"]
[Result "1-0"]
[TimeControl "90+30 sg"]
[WhiteElo "2346"]
[BlackElo "2369"]

1. e4 e6 2. d4 d5 3. Nd2 dxe4 4. Nxe4 Nd7 5. Nf3 Ngf6 6. Nxf6+ Nxf6 7. Bd3 Be7 8. Qe2 c5 9. dxc5 Qc7 10.
Be3 Bxc5 11. Bxc5 Qxc5 12. O-O-O Bd7 13. Ne5 Bc6 14. Nxc6 bxc6 15. f4 O-O 16. g4 Rab8 17. c4 Rfd8 18.
g5 Nd7 19. Bc2 Nb6 20. Rxd8+ Rxd8 21. Rd1 Rd4 22. b3 g6 23. Rxd4 Qxd4 24. Qd2 Qa1+ 25. Bb1 Kg7 26. Qb2+ Qxb2+ 27. Kxb2 f6 28. h4 fxg5 29. hxg5 c5 30. Kc3 a5 31. a3 Kf8 32. b4 axb4+ 33. axb4 cxb4+ 34. Kxb4 Ke7 35. Kb5 Nc8 36.
c5 Kd7 37. Be4 Kc7 38. Kc4 Kd7 39. Kd4 Na7 40. Ke5 Ke7 41. Bb7 Nb5 42. Bc8 Nc7 43. c6 Nd5 44. Bxe6 Nxf4 45. c7 1-0

[Event "Campeonato de Aragon Individual 2020 Fase Final"]
[Site "Zaragoza"]
[Date "2020.10.17"]
[Round "1.2"]
[White "Palacios Herrero, Pablo"]
[Black "Quintin Navarro, Alberto"]
[Result "0-1"]
[TimeControl "90+30 sg"]
[WhiteElo "2232"]
[BlackElo "2383"]

1. e4 e5 2. Nf3 Nc6 3. Bb5 a6 4. Ba4 Nf6 5. O-O Be7 6. d3 d6 7. c3 O-O 8. Re1 b5 9. Bb3 Na5 10.
Bc2 c5 11. d4 exd4 12. cxd4 Nc6 13. Nbd2 cxd4 14. h3 Nb4 15. Bb1 d3 16. Nb3 Bb7 17. Bxd3 Nxd3 18. Qxd3 Nd7 19. Bd2 Nc5 20.
Qb1 Rc8 21. Ba5 Qd7 22. Nbd4 Bf6 23. Nf5 Nxe4 24. Ne3 h5 25. Rd1 Qe6 26. Nd4 Bxd4 27. Rxd4 Rfe8 28. Be1 Rc5 29. Qd3 Rg5 30.
f4 Rc5 31. Bb4 Rcc8 32. Nd5 Rc4 33. Rd1 Bxd5 34. Rxd5 Rxb4 35. b3 Nc5 36. Qd2 Qe3+ 37. Qxe3 Rxe3 38. Rxh5 g6 39. Rhd5 Rxf4 40.
Rxd6 Re2 41. R1d2 Re1+ 42. Kh2 Rff1 43. g4 Rh1+ 44. Kg2 Reg1+ 45. Kf3 Rxh3+ 46. Kf4 Rh4 47. Rc6 Rgxg4+ 48. Ke5 Rh5+ 0-1

[Event "Campeonato de Aragon Individual 2020 Fase Final"]
[Site "Zaragoza"]
[Date "2020.10.17"]
[Round "1.3"]
[White "Romero Pallares, Daniel"]
[Black "Garza Marco, Sergio"]
[Result "1/2-1/2"]
[TimeControl "90+30 sg"]
[WhiteElo "2209"]
[BlackElo "2399"]

1. e4 c5 2. Nf3 e6 3. g3 Nc6 4. Bg2 Nf6 5. Nc3 d5 6. exd5 exd5 7. d4 Bg4 8. h3 Bxf3 9. Qxf3 Qe7+ 10.
Kf1 Nxd4 11. Qd3 O-O-O 12. Bg5 Qe5 13. Bxf6 Qxf6 14. Nxd5 Qg6 15. Be4 f5 16. Bg2 Qf7 17. Qc4 Kb8 18.
c3 Nc6 19. Ne3 Qc7 20. Nd5 Qf7 21. Rd1 Bd6 22. Ne3 Qxc4+ 23. Nxc4 Kc7 24. f4 Be7 25. Kf2 Bf6 26. Ne3 Ne7 27.
a4 b6 28. h4 g6 29. Rhe1 Rxd1 30. Rxd1 Rd8 31. Rxd8 Kxd8 32. Ke2 h6 33. Kd3 Kd7 34. Kc4 g5 35. hxg5 hxg5 36. Kb5 gxf4 37.
gxf4 Bh4 38. Ka6 Bf2 39. Nc4 Nc8 40. Bh3 Ke6 41. Kb7 Nd6+ 42. Nxd6 Kxd6 43. Kxa7 Kc7 44. Bxf5 Be3 45. Ka6 Bxf4 46. Kb5 Bc1 47. b3 Bd2 48. Kc4 Be1 49. b4 cxb4 50. cxb4 Kb7 51. a5 bxa5 52. bxa5 Bxa5 1/2-1/2

[Event "Campeonato de Aragon Individual 2020 Fase Final"]
[Site "Zaragoza"]
[Date "2020.10.17"]
[Round "1.4"]
[White "Eizaguerri Floris, Maria"]
[Black "Gines Esteo, Pedro Antonio"]
[Result "1-0"]
[TimeControl "90+30 sg"]
[WhiteElo "2167"]
[BlackElo "2434"]

1. e4 c6 2. d4 d5 3. e5 Bf5 4. Nd2 e6 5. Nb3 Nd7 6. Nf3 Ne7 7. Be2 Nc8 8. O-O Be7 9. a4 O-O 10.
a5 a6 11. Be3 Na7 12. Ne1 c5 13. dxc5 Nxe5 14. Nd4 Bg6 15. b4 Nac6 16. c3 Nc4 17. Bxc4 dxc4 18. Qe2 Bd3 19. Nxd3 cxd3 20.
Qf3 Qd7 21. Nxc6 bxc6 22. Bd4 Kh8 23. Rad1 Rad8 24. Qg3 Bf6 25. Bxf6 gxf6 26. Qh4 Qe7 27. Qe4 Qd7 28. Qh4 Qe7 29.
Rfe1 Rd5 30. Re3 d2 31. Rh3 h5 32. Rxd2 Re5 33. f4 Rf5 34. g4 Rg8 35. Kh1 Rfg5 36. fxg5 Rxg5 37. Qg3 f5 38. Rxh5+ Rxh5 39. gxh5 Qf6 40.
h6 1-0

[Event "Campeonato de Aragon Individual 2020 Fase Final"]
[Site "Zaragoza"]
[Date "2020.10.18"]
[Round "2.1"]
[White "Lana Rodriguez, David"]
[Black "Ramiro Ovejero, Juan Luis"]
[Result "1/2-1/2"]
[TimeControl "90+30 sg"]
[WhiteElo "2369"]
[BlackElo "2346"]

1. e4 e6 2. d4 d5 3. Nc3 Nf6 4. Bg5 dxe4 5. Nxe4 Nbd7 6. Nxf6+ Nxf6 7. Nf3 h6 8.
Bf4 c5 9. Be5 Qb6 10. Bd3 cxd4 11.
O-O Be7 12. Qe2 O-O 13. Bxd4 Qc7 14. Rad1 Bd7 15. Be5 Qb6 16. c4 Bc6 17. Nd4 Rad8 18. Bb1 Rd7 19. Nxc6 Qxc6 20. Rxd7 Qxd7 21.
Rd1 Qc6 22. b3 Rd8 23. Rxd8+ Bxd8 24. Qd3 Be7 25. Bc2 Qd7 26. Qe2 Bc5 27. h3 Bd4 28. Bf4 e5 29. Bd2 Qd6 30. b4 b6 31.
a3 Bb2 32. a4 Ba3 33. Bc3 Bxb4 34. Bxe5 Qe6 35. Kf1 Kf8 36. f4 Bd6 37. g4 Bxe5 38. Bf5 Qc6 39. fxe5 Qh1+ 40. Kf2 Qh2+ 41.
Ke1 Qg1+ 42. Kd2 Qd4+ 43. Kc2 Nd7 44. Bxd7 Qxd7 45. Kb3 Qc6 46. Qd3 Ke7 47. Qe3 Qc5 48. Qe4 a5 49. Kc2 Qb4 50.
Qb7+ Ke6 51. Qd5+ Ke7 52. Qb7+ Ke6 53. Qc8+ Kxe5 54. Qf5+ Kd6 55. Qd5+ Ke7 56. Qe5+ Kd7 57. Qd5+ Ke7 58.
Qe5+ Kd7 59. Qd5+ Ke7 60. Qb7+ Ke6 61. Qe4+ Kd6 62. Qd4+ Ke7 63. Qe5+ 1/2-1/2

[Event "Campeonato de Aragon Individual 2020 Fase Final"]
[Site "Zaragoza"]
[Date "2020.10.18"]
[Round "2.2"]
[White "Garza Marco, Sergio"]
[Black "Romero Pallares, Daniel"]
[Result "1-0"]
[TimeControl "90+30 sg"]
[WhiteElo "2399"]
[BlackElo "2209"]

1. Nf3 Nf6 2. g3 d5 3. Bg2 e6 4.
O-O Be7 5. b3 O-O 6. c4 b6 7. Bb2 c5 8. e3 Bb7 9. Nc3 Qc8 10. Rc1 Rd8 11.
d3 Nc6 12. Qe2 d4 13. Nb5 a6 14. Na3 e5 15. e4 b5 16. Ra1 b4 17. Nc2 a5 18. a4 bxa3 19. Rxa3 Qc7 20. Nfe1 Rdb8 21.
f4 Bc8 22. Bc1 Ra7 23. Bd2 Rba8 24. Nf3 Bd6 25. fxe5 Nxe5 26. Nxe5 Bxe5 27. Rfa1 Bg4 28. Qe1 h5 29. Bxa5 Qb8 30.
b4 h4 31. bxc5 hxg3 32. h3 Bd7 33. Bb4 Rxa3 34. Rxa3 Rxa3 35. Nxa3 Nh5 36. Nc2 Ba4 37. Na3 Nf4 38. Qb1 Qc8 39.
Qf1 Bd7 40. Bd2 Nxg2 41. Qxg2 Bxh3 42. Qf3 Bg4 43. Qf1 Bh3 44. Qf3 Bg4 45. Qf1 Qa6 46. Bf4 Be2 47. Qxe2 Bxf4 48. Nc2 Qh6 49. c6 Qxc6 50. Qg4 g5 51.
Kg2 Qa4 52. Nxd4 Qa2+ 53. Qe2 Qa1 54. Nf5 Qh8 55. Nxg3 Bxg3 56. Kxg3 Qh4+ 57. Kg2 g4 58. Qe3 Qf6 59. Kg3 Qg6 60. Qf4 Kf8 61. c5 Ke8 62. Qxg4 Qa6 63.
Qg8+ Ke7 64. Qg5+ Ke8 65. Qe5+ Kd7 66. Qd5+ Ke7 67. Qd6+ Qxd6+ 68. cxd6+ Kxd6 69. Kf4 Ke6 70.
d4 f6 71. d5+ Ke7 72. Kf5 Kf7 73. d6 Ke8 1-0

[Event "Campeonato de Aragon Individual 2020 Fase Final"]
[Site "Zaragoza"]
[Date "2020.10.18"]
[Round "2.3"]
[White "Gines Esteo, Pedro Antonio"]
[Black "Eizaguerri Floris, Maria"]
[Result "1-0"]
[TimeControl "90+30 sg"]
[WhiteElo "2434"]
[BlackElo "2167"]

1. Nf3 d5 2. e3 Nf6 3. c4 c6 4. b3 Bg4 5. Bb2 Nbd7 6.
h3 Bh5 7. Be2 e6 8. O-O Bd6 9. d4 O-O 10. Nbd2 Qe7 11. c5 Bc7 12. b4 Ne4 13. Nxe4 dxe4 14. Nd2 Bxe2 15. Qxe2 f5 16.
b5 Nf6 17. a4 Nd5 18. Nc4 Qg5 19. Kh1 Rf6 20. Nd6 Rh6 21. Ra3 Bxd6 22. cxd6 Qd8 23. bxc6 bxc6 24. Rb3 Qxd6 25. Ba3 Qd8 26.
Rfb1 Qc8 27. Bd6 Nc7 28. Qc4 Qd7 29. Bf4 g5 30. Bxg5 Rg6 31. Bf4 Qd5 32. Rb8+ Rxb8 33. Rxb8+ Kf7 34.
Qb4 c5 35. Qb7 e5 36. Qxc7+ 1-0

[Event "Campeonato de Aragon Individual 2020 Fase Final"]
[Site "Zaragoza"]
[Date "2020.10.18"]
[Round "2.4"]
[White "Quintin Navarro, Alberto"]
[Black "Palacios Herrero, Pablo"]
[Result "0-1"]
[TimeControl "90+30 sg"]
[WhiteElo "2383"]
[BlackElo "2232"]

1. c4 e6 2. Nf3 d5 3. g3 Nf6 4. Bg2 Be7 5. O-O O-O 6. d4 dxc4 7. Qc2 a6 8. a4 Bd7 9. Qxc4 Bc6 10. Bg5 Bd5 11. Qd3 Be4 12. Qe3 Bc6 13. Nc3 h6 14. Bxf6 Bxf6 15. Qd3 Bxf3 16. Bxf3 c6 17. Rad1 a5 18. e4 Na6 19. Rfe1 Nb4 20.
Qd2 Qxd4 21. Qxd4 Bxd4 22. Rxd4 Nc2 23. Rdd1 Nxe1 24. Rxe1 Rfd8 25. e5 Rd2 26. Rb1 Ra6 27. Ne4 Rd4 28.
Nc5 Rb6 29. b3 Rc4 30. Nd7 Rbb4 31. Kg2 Rc3 32. Rd1 Rbxb3 33. Be4 Rb4 34. f3 Rcc4 35. Rd6 Rd4 36. g4 Rxa4 37. Nc5 Rab4 38.
Kf2 Kf8 39. Ke3 Rxd6 40. exd6 a4 41. Nd3 Rb5 42. Kd4 f5 43. Nc5 fxe4 44. fxe4 e5+ 45. Kc4 Rxc5+ 46. Kxc5 Ke8 0-1

[Event "Campeonato de Aragon Individual 2020 Fase Final"]
[Site "Zaragoza"]
[Date "2020.10.18"]
[Round "3.1"]
[White "Quintin Navarro, Alberto"]
[Black "Palacios Herrero, Pablo"]
[Result "1-0"]
[TimeControl "90+30 sg"]
[WhiteElo "2383"]
[BlackElo "2232"]

1. c4 e6 2. Nf3 d5 3. g3 Nf6 4.
Bg2 Be7 5. O-O O-O 6. d4 dxc4 7. Na3 Bxa3 8. bxa3 Bd7 9. Ne5 Bc6 10. Nxc6 Nxc6 11. Bb2 Nd5 12. Qc2 c3 13. Bxc3 Nxc3 14. Qxc3 Qxd4 15.
Qxd4 Nxd4 16. e3 Nc6 17. Rac1 Rfd8 18. Bxc6 bxc6 19. Rxc6 Rd3 20. Ra6 g6 21. Rc1 Rd7 22. Rc4 Kg7 23.
Kf1 Rb8 24. Rxa7 Rb1+ 25. Kg2 Rb2 26. Rcxc7 Rxc7 27. Rxc7 Rxa2 28. Ra7 Kf6 29. g4 Ra1 30. h4 h5 31. g5+ Kg7 32. a4 Ra2 33.
a5 Ra4 34. Kg3 Kg8 35. a6 Kg7 36.
f3 Kg8 37. e4 Kg7 38. Kf4 Ra3 39. Ra8 e5+ 40. Kxe5 Rxf3 41. Rb8 Ra3 42. Rb6 Ra1 43. Kd6 Kf8 44. Kc7 Ke7 45. Kb7 Kd7 46.
a7 Rc1 1-0

[Event "Campeonato de Aragon Individual 2020 Fase Final"]
[Site "Zaragoza"]
[Date "2020.10.18"]
[Round "3.2"]
[White "Gines Esteo, Pedro Antonio"]
[Black "Eizaguerri Floris, Maria"]
[Result "1-0"]
[TimeControl "90+30 sg"]
[WhiteElo "2434"]
[BlackElo "2167"]

1. d4 d5 2. c4 c6 3. Nf3 Nf6 4. e3 Bf5 5. Nc3 e6 6. Nh4 Be4 7. f3 Bg6 8. Qb3 Qc7 9. Bd2 Be7 10. g3 a6 11. cxd5 cxd5 12. Rc1 Nc6 13. Be2 Nd7 14. Nxg6 hxg6 15. Kf2 Rc8 16. Kg2 g5 17. Na4 Qb8 18. Nb6 Nxb6 19. Qxb6 Bd8 20.
Qb3 Rc7 21. Rc2 Qc8 22. Rhc1 e5 23. g4 Qe6 24. Be1 exd4 25. Bg3 Re7 26. exd4 Nxd4 27. Qa4+ Nc6 28. Bxa6 bxa6 29. Rxc6 Qe2+ 30. Kg1 O-O 31. Qb3 d4 32. Re1 Qd2 33. Rxe7 Bxe7 34. Qc2 Qe3+ 35. Qf2 Qxf2+ 36. Bxf2 Rd8 37.
Rc1 Bf6 38. b3 Be5 39. Rd1 f6 40. Kf1 Kf7 41. Ke2 Ke6 42.
h4 gxh4 43. Bxh4 g5 44. Bf2 Kd5 45.
Rc1 Rd7 46. Rc4 Rc7 47. Rxc7 Bxc7 48. Kd3 Be5 49. Bg1 Kc5 50.
Bf2 Kd5 51. b4 a5 52. bxa5 Kc5 53.
a6 Kb6 54. Bxd4+ Bf4 55. Ke4+ 1-0

[Event "Campeonato de Aragon Individual 2020 Fase Final"]
[Site "Zaragoza"]
[Date "2020.10.18"]
[Round "4.1"]
[White "Palacios Herrero, Pablo"]
[Black "Quintin Navarro, Alberto"]
[Result "0-1"]
[TimeControl "90+30 sg"]
[WhiteElo "2232"]
[BlackElo "2383"]

1. e4 e5 2. Nf3 Nc6 3. Bb5 a6 4. Ba4 Nf6 5.
Qe2 b5 6. Bb3 Be7 7. O-O O-O 8. c3 d5 9.
d3 h6 10. Nbd2 Re8 11. Re1 Bf8 12. Nf1 Bb7 13. Ng3 Na5 14. Bc2 c5 15. b3 Nc6 16. Bb2 d4 17. cxd4 cxd4 18. a3 a5 19.
Rec1 Rc8 20. a4 Ba6 21. Nf1 Nd7 22. axb5 Bxb5 23. N1d2 Bb4 24. Nc4 Bxc4 25. bxc4 Nc5 26. Ba4 Re6 27. Bb5 Nb3 28. Ne1 Nxa1 29.
Bxa1 Bc3 30. Bxc3 dxc3 31. Bxc6 Rexc6 32. Rxc3 Rb8 33. g3 Rcb6 34. Nf3 Qe7 35. c5 Rc6 36. d4 exd4 37. Nxd4 Rxc5 38.
Re3 Rc1+ 39. Kg2 Rbb1 40. Nf5 Rg1+ 41. Kh3 Qe6 42. g4 g6 43. Ng3 h5 44. f3 hxg4+ 45. fxg4 Qe5 46. Qf2 Qh8+ 0-1

[Event "Campeonato de Aragon Individual 2020 Fase Final"]
[Site "Zaragoza"]
[Date "2020.10.18"]
[Round "4.2"]
[White "Eizaguerri Floris, Maria"]
[Black "Gines Esteo, Pedro Antonio"]
[Result "1-0"]
[TimeControl "90+30 sg"]
[WhiteElo "2167"]
[BlackElo "2434"]

1. e4 c6 2. d4 d5 3. e5 Bf5 4. Nd2 e6 5. Nb3 Nd7 6.
Nf3 Ne7 7. Be2 h6 8. O-O g5 9. Ne1 Qc7 10. Be3 b6 11. f4 c5 12. dxc5 bxc5 13. Bb5 Nc6 14. fxg5 d4 15. Bf4 hxg5 16.
Bxg5 Ndxe5 17. Bf6 Ng4 18. Bxc6+ Qxc6 19. Bxh8 Bh6 20. Bxd4 cxd4 21. Nxd4 Qb6 22. Kh1 O-O-O 23. c3 Ne3 24.
Qf3 Nxf1 25. Qxf1 Qxb2 26. Nef3 Bd3 27. Qe1 Ba6 28. Rb1 Qa3 29. Qe5 Qd6 30. Qa5 Be3 31. Qa4 Rd7 32. Nc6 Rc7 33. Rb8+ Kd7 34. Rd8# 1-0

[Event "Campeonato de Aragon Individual 2020 Fase Final"]
[Site "Zaragoza"]
[Date "2020.10.18"]
[Round "5.1"]
[White "Eizaguerri Floris, Maria"]
[Black "Gines Esteo, Pedro Antonio"]
[Result "0-1"]
[TimeControl "90+30 sg"]
[WhiteElo "2167"]
[BlackElo "2434"]

1. e4 c6 2. d4 d5 3. e5 Bf5 4. Nd2 e6 5. Nb3 Nd7 6. Nf3 Ne7 7.
Be2 h6 8. O-O g5 9. Ne1 Qc7 10. Nd3 b6 11. Be3 Bg7 12.
f4 c5 13. dxc5 gxf4 14. cxb6 axb6 15. Bxf4 Ng6 16. Bg3 Be4 17. Bh5 O-O 18. Bxg6 Bxg6 19. Qe2 Ra4 20. c3 Re4 21. Qf3 Nxe5 22. Nxe5 Bxe5 23. Bxe5 Qxe5 24. Nd4 Kg7 25. Qf2 Rc8 26. Nf3 Qf4 27. Qxb6 Re2 28. Rae1 Rxe1 29. Nxe1 Qd2 30. Qf2 Qg5 31. Nf3 Qf4 32. Nd4 Qe5 33. Qe2 Qxe2 34.
Nxe2 Rb8 35. b3 Ra8 36. Ra1 Kf6 37. Kf2 e5 38. a4 Bc2 39. Ra3 Ke6 40. Nc1 f5 41. a5 f4 42. b4 Be4 43. b5 Rg8 44. g3 fxg3+ 45. hxg3 Rf8+ 46. Ke2 Bf3+ 47. Ke3 Bg4 48. a6 Kd6 49. Nb3 Rf3+ 50. Kd2 Rf2+ 51. Ke1 Rf8 52. Na5 Kc5 53. Rb3 Kb6 54. Nc6 Bd7 55. Nxe5 Re8 56. Kd2 Rxe5 57. a7 Kxa7 58. b6+ Kb7 59. Rb4 Re4 60. Rb1 Re6 61. Rh1 Kxb6 62.
Rh5 Kc5 63. Kd3 Bb5+ 64. Kd2 Bc4 65. Rh4 Rg6 66. Rh3 Kd6 67. Ke3 Ke6 68. Kd4 Kf5 69. Rh4 Rg4+ 0-1

[Event "Campeonato de Aragon Individual 2020 Fase Final"]
[Site "Zaragoza"]
[Date "2020.10.18"]
[Round "6.1"]
[White "Gines Esteo, Pedro Antonio"]
[Black "Eizaguerri Floris, Maria"]
[Result "1-0"]
[TimeControl "90+30 sg"]
[WhiteElo "2434"]
[BlackElo "2167"]

1. d4 d5 2. Nf3 Nf6 3. Bf4 c5 4.
c3 Nc6 5. e3 Qb6 6. Qb3 c4 7.
Qc2 Bf5 8. Qc1 Nh5 9. Bg3 Nxg3 10. hxg3 h6 11. Nbd2 Qd8 12. b3 b5 13. a4 a6 14. Be2 e6 15. O-O Be7 16. Qb2 O-O 17. axb5 axb5 18.
Rxa8 Qxa8 19. Ra1 Qb8 20. b4 Rc8 21. Nb1 Bxb1 22. Qxb1 Rc7 23.
Nd2 Ra7 24. Rxa7 Qxa7 25. Kf1 Qa3 26. Qc2 Qa1+ 27. Qb1 Qxc3 28. Ke1 Nxb4 29. Kd1 Qa3 30.
e4 Qa4+ 31. Ke1 Nc2+ 32. Kf1 b4 33. exd5 exd5 34. Nxc4 dxc4 35. Bxc4 Nxd4 36. Kg1 b3 37. Bd5 Qa2 38. Qg6 Qa1+ 39. Kh2 Kf8 40. Qxf7# 1-0